 Dungeon Crawl Stone Soup version 0.28-a0-1485-g077359a4bf (webtiles) character file.

Game seed: 5869326270791846511

654 kae the Changer (level 7, 0/57 HPs)
             Began as a Purple Draconian Transmuter on Jan 11, 2022.
             Slain by a jelly (3 damage)
             ... on level 5 of the Dungeon.
             The game lasted 00:03:19 (6006 turns).

kae the Changer (Purple Draconian Transmuter)       Turns: 6006, Time: 00:03:20

Health: 0/57       AC: -2    Str: 12    XL:     7   Next: 29%
Magic:  7/13       EV: 19    Int: 17    God:
Gold:   274        SH:  0    Dex: 17    Spells: 7/15 levels left

rFire   . . .      SeeInvis .     - Unarmed
rCold   . . .      Faith    .   (shield currently unavailable)
rNeg    . . .      Spirit   .   (armour unavailable)
rPois   x          Reflect  .   (helmet currently unavailable)
rElec   .          Harm     .   (cloak currently unavailable)
rCorr   .          Rampage  .   (gloves currently unavailable)
Will    +....                   (boots currently unavailable)
Stlth   ++........              (no amulet)
HPRegen 0.19/turn               (no ring)
MPRegen 0.13/turn               (no ring)

@: spider-form (expiring), corroded, very slightly contaminated
A: venomous fangs, (breathe power), AC +6, tiny, unfitting armour,
(cold-blooded), (large bone plates 1), clever 1, robust 1
a: End Transformation


You were on level 5 of the Dungeon.
You were a venomous arachnid creature.
You visited 1 branch of the dungeon, and saw 5 of its levels.

You collected 274 gold pieces.

Inventory:

Armour
 j - a +0 cloak
Jewellery
 d - a ring of fire
Wands
 f - a wand of iceblast (6)
 g - a wand of paralysis (10)
Scrolls
 a - a scroll of enchant armour
 b - a scroll of magic mapping
 e - 2 scrolls of vulnerability
Potions
 c - 4 potions of mutation
 h - a potion of experience {unknown}
 i - a potion of invisibility {unknown}


   Skills:
 - Level 1.1 Fighting
 - Level 1.7 Dodging
 * Level 3.6 Unarmed Combat
 + Level 4.6 Spellcasting
 * Level 5.7 Transmutations
 * Level 3.4 Ice Magic
 - Level 1.0 Poison Magic


You had 7 spell levels left.
You knew the following spells:

 Your Spells              Type           Power      Damage    Failure   Level
a - Beastly Appendage     Tmut           46%        N/A       6%          1
b - Spider Form           Tmut/Pois      15%        N/A       26%         3
c - Ice Form              Ice/Tmut       19%        N/A       43%         4

Your spell library contained the following spells:

 Spells                   Type           Power      Damage    Failure   Level
 Wereblood                Tmut           23%        N/A       9%          2
 Dazzling Flash           Conj/Hex       6%         N/A       63%         3
 Iskenderun's Mystic Bla  Conj/Tloc      3%         2d3       94%         4
 Starburst                Conj/Fire      1%         6d3       100%        6


Dungeon Overview and Level Annotations

Branches:
Dungeon (5/15)
 Temple: D:4-7

Altars:
Uskayaw
Zin
The Shining One

Shops:
D:4 *[


Innate Abilities, Weirdness & Mutations

You are a venomous arachnid creature.
You have poisonous fangs.
You are tiny and dextrous.
Your spellcasting is less reliable in this form.
Your armour is entirely melded.
You are incapable of wielding weapons or throwing items.
((You can breathe bolts of dispelling energy.))
((Your rich purple scales are hard. (AC +6)))
You cannot fit into any form of body armour.
((You are cold-blooded and may be slowed by cold attacks.))
((You are partially covered in large bone plates. (SH +4)))
Your mind is acute. (Int +2)
You are robust. (+10% HP)


Message History

A jelly is nearby!
A jelly is nearby!
Casting: Ice Form (quite dangerous; 22% risk of failure)
Confirm with . or Enter, or press ? or * to list all spells.
The spell is quite dangerous to miscast (22% risk of failure)!
Continue anyway? [Y]es or [N]o only, please.
The spell is quite dangerous to miscast (22% risk of failure)!
Continue anyway?
You miscast Ice Form.
You are very lightly contaminated with residual magic.
Nothing appears to happen.
The jelly hits you.
You are splashed with acid!
You hit the jelly.
Your hands burn!
The jelly is severely wounded.
The jelly closely misses you.
You hit the jelly but do no damage.
Your hands burn!
The jelly is severely wounded.
The jelly barely misses you.
You hit the jelly but do no damage.
Your hands burn!
The jelly is severely wounded.
The jelly hits you.
You are splashed with acid!
You are too injured to fight recklessly!
You are too injured to fight recklessly!
You are too injured to fight recklessly!
Casting: Ice Form (quite dangerous; 22% risk of failure)
Confirm with . or Enter, or press ? or * to list all spells.
You turn into a venomous arachnid creature.
The jelly hits you.
You are splashed with acid!
The jelly closely misses you.
You hit the jelly but do no damage.
Your front legs burn!
* * * LOW HITPOINT WARNING * * *
The jelly is heavily wounded.
The jelly hits you.
* * * LOW HITPOINT WARNING * * *
The acid corrodes you!
You are splashed with acid!
* * * LOW HITPOINT WARNING * * *
You hit the jelly.
Your front legs burn!
* * * LOW HITPOINT WARNING * * *
The jelly is almost dead.
Your transformation is almost over.
The jelly hits you.
You die...

)(<....# ..# #####..#
#.# #..# #.# #..# #.#
#..# #.# #..#
#.############
#..###.............
.####..##..####.#######.
.........#.# #.sJ......
...........############.
.#####.##.........
.......###########
.#######


You could see a jelly.

Vanquished Creatures
  Duvessa (D:5)
  2 centaurs
  Dowan (D:5)
  2 hounds
  2 orc priests (D:3)
  A bullfrog skeleton (D:4)
  An orc wizard (D:3)
  Robin (D:2)
  4 adders
  A howler monkey skeleton (D:5)
  A shadow imp (D:5)
  An adder skeleton (D:4)
  A worm (D:3)
  2 dart slugs (D:2)
  10 orcs (D:3)
  5 ball pythons
  7 bats
  10 endoplasms
  3 giant cockroaches
  6 goblins
  14 hobgoblins
  4 jackals (D:1)
  7 kobolds
  3 quokkas (D:1)
  6 frilled lizards
  5 rats
101 creatures vanquished.

Notes
Turn   | Place    | Note
-------+----------+-------------------------------------------
     0 | D:1      | kae the Draconian Transmuter began the quest for the Orb.
     0 | D:1      | Reached XP level 1. HP: 16/16 MP: 3/3
   169 | D:1      | Reached XP level 2. HP: 10/23 MP: 3/5
   285 | D:1      | Reached skill level 3 in Transmutations
   633 | D:1      | Reached XP level 3. HP: 20/28 MP: 4/6
   639 | D:1      | Learned a level 3 spell: Spider Form
  1965 | D:2      | Found a faded altar of an unknown god.
  2049 | D:2      | Noticed Robin
  2092 | D:1      | Reached XP level 4. HP: 26/35 MP: 5/8
  2094 | D:1      | Reached skill level 1 in Poison Magic
  2365 | D:2      | Killed Robin
  2753 | D:3      | Reached skill level 4 in Transmutations
  2907 | D:3      | Learned a level 4 spell: Ice Form
  3047 | D:3      | Reached XP level 5. HP: 30/40 MP: 6/9
  3158 | D:3      | Reached skill level 1 in Ice Magic
  3179 | D:3      | HP: 2/40 [orc (6)]
  3180 | D:3      | Gained mutation: Your mind is acute. (Int +2) [potion of
                  | mutation]
  3180 | D:3      | Gained mutation: You are robust. (+10% HP) [potion of
                  | mutation]
  3180 | D:3      | Gained mutation: You are partially covered in large bone
                  | plates. (SH +4) [potion of mutation]
  3396 | D:3      | Found a glowing golden altar of the Shining One.
  3788 | D:3      | Found a hide-covered altar of Uskayaw.
  4205 | D:4      | Noticed a centaur
  4217 | D:4      | Killed a centaur
  4218 | D:4      | Reached skill level 5 in Transmutations
  4218 | D:4      | Reached XP level 6. HP: 6/51 MP: 7/11
  4580 | D:4      | Found Nynighei's Antique Armour Boutique.
  4839 | D:4      | Found Zin's Purification Station.
  4845 | D:4      | Found a glowing silver altar of Zin.
  5197 | D:5      | Entered Level 5 of the Dungeon
  5403 | D:5      | Noticed Duvessa
  5403 | D:5      | Noticed Dowan
  5634 | D:5      | Killed Duvessa
  5635 | D:5      | Your scales start taking on a rich purple colour.
  5635 | D:5      | Reached XP level 7. HP: 12/57 MP: 9/13
  5889 | D:5      | Killed Dowan
  6006 | D:5      | Slain by a jelly

Illustrated notes

Levels and vault maps discovered:
D:1:      roderic_chinese_lattice_arrival, layout_basic,
          wad_floor_pattern_untrapped, minmay_surrounded
D:2:      layout_loops_ring, shapermc_ecumenical_altar_venn, uniq_robin
D:3:      layout_basic, tso_oasis_becter, nicolae_uskayaw_suspiria,
          minivault_24, hex_large
D:4:      layout_loops_ring, zin_purify, serial_shops,
          nicolae_shop_temple_entry_statues_fountains,
          ebering_dispersal_statue_hall, chequers_garden
D:5:      layout_loops_ring, uniq_duvessa

Skill      XL: |  1  2  3  4  5  6 |
---------------+-------------------+-----
Transmutations | 3 4 5 |  5.7
Poison Magic   | 1 |  1.0
Spellcasting   | 3 4 |  4.6
Ice Magic      | 2 3 |  3.4
Fighting       | |  1.1
Dodging        | |  1.7
Unarmed Combat | |  3.6

Action                   |  1- 3 |  4- 6 |  7- 9 || total
-------------------------+-------+-------+-------++-------
Melee: Unarmed           |   144 |   174 |    15 ||   333
       Tailslap          |    10 |     3 |     1 ||    14
       Kick              |    18 |     3 |       ||    21
       Headbutt          |     6 |     2 |       ||     8
       Punch             |     1 |       |       ||     1
 Cast: Beastly Appendage |    26 |     5 |       ||    31
       Spider Form       |     1 |    22 |     1 ||    24
       Ice Form          |       |     2 |     1 ||     3
  Use: Potion            |     2 |     4 |       ||     6
       Scroll            |     1 |     3 |       ||     4
 Stab: Sleeping          |       |     1 |       ||     1
Armor: Skin              |    51 |    26 |     1 ||    78
Dodge: Dodged            |   148 |   166 |     9 ||   323
Block: Other             |       |     2 |     1 ||     3

Table legend: (Time is in decaauts)
 A = Elapsed time spent in this place.
 B = Non-inter-level travel time spent in this place.
 C = Inter-level travel time spent in this place.
 D = Time resting spent in this place.
 E = Time spent auto-exploring this place.
 F = Levels seen in this place.
 G = Mean time per level.
                   A        B        C        D        E       F      G
               +--------+--------+--------+--------+--------+-----+--------+
         Total |   5982 |   5906 |     76 |    870 |   4198 |   5 | 1196.4 |
       Dungeon |   5982 |   5906 |     76 |    870 |   4198 |   5 | 1196.4 |
               +--------+--------+--------+--------+--------+-----+--------+

Top non-repeatable levels by time:
     D:1: 1741 daAuts
     D:4: 1483 daAuts
     D:3: 1430 daAuts
     D:2: 972 daAuts
     D:5: 355 daAuts
